 Dungeon Crawl Stone Soup version 0.31-a0-150-g89dc3ad700 (webtiles) character file.

Game seed: 17424011660802053938

1575 qw the Skirmisher (level 8, -5/73 HPs)
             Began as a Minotaur Hunter on June 8, 2023.
             Killed from afar by a white imp (10 damage)
             ... with a puff of frost
             ... on level 6 of the Dungeon.
             The game lasted 00:02:05 (4873 turns).

qw the Skirmisher (Minotaur Hunter)                 Turns: 4873, Time: 00:02:05

Health: -5/73      AC:  6    Str: 20    XL:     8   Next: 60%
Magic:  7/7        EV: 13    Int:  4    God:
Gold:   149        SH:  5    Dex: 18    Spells: 7/7 levels left

rFire   . . .        Y - +0 orcbow
rCold   . . .        (shield currently unavailable)
rNeg    . . .        j - +0 ring mail
rPois   .            (helmet restricted)
rElec   .            c - +0 cloak
rCorr   .            (no gloves)
SInv    .            (no boots)
Will    .....        e - amulet of reflection
Stlth   ++           (no ring)
HPRegen 0.32/turn    (no ring)
MPRegen 0.10/turn

%: reflection
@: no status effects
A: horns 2, retaliatory headbutt, camouflage 1, agile 1, strong 1
a: no special abilities


You were on level 6 of the Dungeon.
You visited 1 branch of the dungeon, and saw 6 of its levels.

You collected 239 gold pieces.
You spent 90 gold pieces at shops.


Innate Abilities, Weirdness & Mutations

You have a pair of horns on your head.
You reflexively headbutt those who attack you in melee.
Your skin changes colour to match your surroundings (Stealth+).
You are agile. (Dex +4, Str/Int -1)
Your muscles are strong. (Str +4, Int/Dex -1)


   Skills:
 - Level 7.4 Fighting
 + Level 10.1 Ranged Weapons
 - Level 2.1 Armour
 - Level 4.1 Dodging
 - Level 0.7 Stealth


You had 7 spell levels left.
You didn't know any spells.
Your spell library was empty.

Inventory:

Hand Weapons
 Y - a +0 orcbow (weapon)
Armour
 c - a +0 cloak (worn)
 j - a +0 ring mail (worn)
Jewellery
 e - an amulet of reflection (around neck)
Scrolls
 a - 3 scrolls of teleportation
 m - a scroll of identify
Potions
 b - 6 potions of curing
 d - a potion of lignification {unknown}
 f - a potion of heal wounds {unknown}
 g - a potion of invisibility {unknown}
 h - a potion of cancellation {unknown}
 i - a potion of might {unknown}
 k - a potion of haste {unknown}

Dungeon Overview and Level Annotations

Branches:
Dungeon (6/15)
 Temple: D:4-7

Altars:
Gozag
Makhleb
Qazlal
Zin

Shops:
D:3 [   D:4 (


Message History

You shoot an arrow.
The arrow closely misses the gnoll sergeant.
A gnoll comes into view. It is wielding a +0 halberd.
The gnoll sergeant closely misses you.
You shoot an arrow. The arrow barely misses the gnoll.
The gnoll sergeant hits you from afar with a +0 trident!
You shoot an arrow. The arrow hits the gnoll.
The gnoll is almost dead.
The gnoll sergeant closely misses you. The gnoll hits you with a +0 flail.
You shoot an arrow. The arrow hits the gnoll!
You kill the gnoll!
The gnoll sergeant closely misses you.
An iguana comes into view.
You shoot an arrow. The iguana hisses angrily.
The arrow hits the gnoll sergeant!
The gnoll sergeant is severely wounded.
You block the gnoll sergeant's attack.
You shoot an arrow.
The arrow hits the white imp but does no damage.
You block the white imp's attack. You block the gnoll sergeant's attack.
You shoot an arrow.
The arrow hits the white imp but does no damage.
The gnoll completely misses you.
The gnoll sergeant hits you from afar with a +0 trident!
The white imp hits you but does no damage.
You shoot an arrow.
The arrow hits the white imp but does no damage.
The white imp misses you.
The gnoll hits you from afar with a +0 halberd!
You block the gnoll sergeant's attack.
You shoot an arrow. The arrow closely misses the white imp.
The gnoll misses you. You block the gnoll sergeant's attack.
The white imp gestures at you. The puff of frost hits you!
The gnoll hits you from afar with a +0 halberd!
A manticore comes into view.
The white imp gestures at you. The puff of frost hits you!
You die...

#.# #..........# #.#
....####...#H
#.#############...
#................#
###############.)#
##>..## ##lg...#
##)%g...##
##.@5.....###
##...).......#######
##....................
#.....................
#.....................
#.....................
#.....................
#.....................
#.....................


You could see a manticore (wandering), a gnoll sergeant, an iguana, a gnoll and
a white imp.

Vanquished Creatures
  A water moccasin (D:6)
  2 sky beasts (D:6)
  An ice beast (D:6)
  3 ogres
  2 centaurs (D:5)
  A phantom (D:4)
  A bullfrog (D:6)
  A scorpion (D:4)
  A howler monkey (D:6)
  A jelly (D:6)
  A hound (D:6)
  A gnoll bouda (D:5)
  3 orc priests
  A sleepcap (D:4)
  4 iguanas
  2 orc wizards
  7 gnolls
  6 adders
  A shadow imp (D:6)
  An ufetubus (D:6)
  A worm (D:2)
  6 dart slugs
  6 orcs
  A bat (D:1)
  7 endoplasms
  6 giant cockroaches
  2 goblins
  5 hobgoblins
  6 kobolds
  5 quokkas
  4 ball pythons
  A frilled lizard (D:1)
  3 rats
94 creatures vanquished.

Notes
Turn   | Place    | Note
-------+----------+-------------------------------------------
     0 | D:1      | qw the Minotaur Hunter began the quest for the Orb.
     0 | D:1      | Reached XP level 1. HP: 18/18 MP: 0/0
     0 | D:1      | 0 ||| qw: Version: 0.2-a-119-g7aa9181
     0 | D:1      | 0 ||| qw: Game counter: 2813
     0 | D:1      | 0 ||| qw: Always use a shield: true
     0 | D:1      | 0 ||| qw: God list: Okawaru
     0 | D:1      | 0 ||| qw: Allow faded altars: false
     0 | D:1      | 0 ||| qw: Do Orc after D:15 true
     0 | D:1      | 0 ||| qw: Do second Lair branch before Depths: true
     0 | D:1      | 0 ||| qw: Lair rune preference: random
     0 | D:1      | 0 ||| qw: Plans: Normal
     0 | D:1      | 0 ||| PLANNING D:1-11
    56 | D:1      | Reached XP level 2. HP: 25/25 MP: 1/1
   296 | D:1      | Reached skill level 5 in Ranged Weapons
   652 | D:1      | 652 ||| UPGRADING to +0 ring mail.
   662 | D:1      | 662 ||| DROPPING +0 leather armour.
   663 | D:1      | 663 ||| READING scroll labelled FYASI CUYLUTS.
   664 | D:1      | 664 ||| DRINKING 2 purple potions.
   665 | D:1      | 665 ||| DROPPING scroll of butterflies.
   667 | D:1      | 667 ||| Stepping ~*~*~tactically~*~*~ (cloud).
   668 | D:1      | 668 ||| DRINKING potion of curing.
   668 | D:1      | 668 ||| (to cure poison)
   680 | D:1      | 680 ||| Stepping ~*~*~tactically~*~*~ (cloud).
   688 | D:1      | HP: 6/25 [poisoned by you (poison gas)]
   859 | D:2      | Reached skill level 1 in Armour
   859 | D:2      | Reached XP level 3. HP: 16/30 MP: 2/2
  1112 | D:2      | 1112 ||| UPGRADING to +0 cloak.
  1125 | D:2      | Reached skill level 3 in Fighting
  1634 | D:2      | 1634 ||| UPGRADING to amulet of reflection.
  1639 | D:2      | 1639 ||| READING 4 scrolls labelled ATORPH WOUZ.
  1644 | D:2      | 1644 ||| READING scroll labelled EKHLEOD OCIZEP.
  1645 | D:2      | 1645 ||| READING scroll labelled WITOOVISEP.
  1646 | D:2      | 1646 ||| DRINKING 2 bubbling black potions.
  1646 | D:2      | Gained mutation: You are agile. (Dex +4, Str/Int -1)
                  | [potion of mutation]
  1646 | D:2      | Gained mutation: Your system is resistant to poisons.
                  | (rPois) [potion of mutation]
  1646 | D:2      | Gained mutation: You are frail. (-10% HP) [potion of
                  | mutation]
  1647 | D:2      | 1647 ||| DRINKING potion of mutation.
  1647 | D:2      | Lost mutation: You are frail. (-10% HP) [potion of
                  | mutation]
  1647 | D:2      | Lost mutation: Your system is resistant to poisons. (rPois)
                  | [potion of mutation]
  1647 | D:2      | Gained mutation: Your muscles are strong. (Str +4, Int/Dex
                  | -1) [potion of mutation]
  1647 | D:2      | Gained mutation: Your skin changes colour to match your
                  | surroundings (Stealth+). [potion of mutation]
  1680 | D:3      | 1680 ||| STAIRDANCE
  1719 | D:3      | 1719 ||| STAIRDANCE
  1726 | D:2      | Reached XP level 4. HP: 25/38 MP: 3/3
  1793 | D:3      | Reached skill level 6 in Ranged Weapons
  1826 | D:3      | You fall into a shaft and drop 1 floor!
  1840 | D:4      | Noticed a phantom
  1850 | D:4      | Killed a phantom
  1851 | D:4      | Reached XP level 5. HP: 43/47 MP: 4/4
  1904 | D:4      | 1904 ||| READING scroll labelled UTHRAKIUCUN.
  1983 | D:4      | 1983 ||| READING scroll labelled TEFFUK XASS.
  1994 | D:3      | 1994 ||| DRINKING 5 potions of curing.
  1994 | D:3      | 1994 ||| (to cure confusion)
  1997 | D:3      | HP: 9/47 [orc/+0 flail (6)]
  1998 | D:3      | 1998 ||| READING 3 scrolls of teleportation.
  1999 | D:3      | HP: 2/47 [orc wizard/magic dart (5)]
  2002 | D:3      | 2002 ||| READING 2 scrolls of teleportation.
  2310 | D:3      | Found Sesagoopa's Armour Emporium.
  2323 | D:3      | 2323 ||| SHOPLISTING +1 robe of willpower (165 gold, have
                  | 121).
  2363 | D:3      | Reached XP level 6. HP: 53/53 MP: 5/5
  2368 | D:3      | Found Zin's Purification Station.
  2371 | D:3      | Found a glowing silver altar of Zin.
  2376 | D:3      | 2376 ||| BUYING potion of curing (90 gold).
  2376 | D:3      | Bought a potion of curing for 90 gold pieces
  2513 | D:3      | Found a burning altar of Makhleb.
  2513 | D:3      | Found an opulent altar of Gozag.
  2799 | D:4      | Reached skill level 7 in Ranged Weapons
  3211 | D:4      | Found Eheg's Weapon Boutique.
  3216 | D:4      | Reached skill level 8 in Ranged Weapons
  3277 | D:4      | Reached skill level 3 in Dodging
  3277 | D:4      | Reached XP level 7. HP: 60/60 MP: 6/6
  3313 | D:4      | 3313 ||| READING scroll labelled QUIPOFI TIYLUI.
  3370 | D:4      | Found a stormy altar of Qazlal.
  3490 | D:5      | Entered Level 5 of the Dungeon
  3495 | D:5      | 3495 ||| STAIRDANCE
  3546 | D:5      | 3546 ||| SWAPPING to +0 orcbow.
  3551 | D:5      | 3551 ||| DROPPING +0 shortbow.
  3866 | D:5      | 3866 ||| Stepping ~*~*~tactically~*~*~ (outnumbered).
  3868 | D:5      | 3868 ||| Stepping ~*~*~tactically~*~*~ (outnumbered).
  3886 | D:5      | Reached skill level 9 in Ranged Weapons
  3913 | D:5      | 3913 ||| FLEEEEING.
  3914 | D:5      | 3914 ||| FLEEEEING.
  3915 | D:5      | 3915 ||| FLEEEEING.
  3916 | D:5      | 3916 ||| FLEEEEING.
  3917 | D:5      | 3917 ||| FLEEEEING.
  3918 | D:5      | 3918 ||| FLEEEEING.
  3919 | D:5      | 3919 ||| FLEEEEING.
  3921 | D:5      | 3921 ||| FLEEEEING.
  3922 | D:5      | 3922 ||| FLEEEEING.
  3924 | D:5      | 3924 ||| FLEEEEING.
  3925 | D:5      | 3925 ||| FLEEEEING.
  3926 | D:5      | 3926 ||| FLEEEEING.
  3927 | D:5      | 3927 ||| FLEEEEING.
  3929 | D:5      | 3929 ||| FLEEEEING.
  3930 | D:5      | 3930 ||| FLEEEEING.
  3931 | D:5      | 3931 ||| FLEEEEING.
  3932 | D:5      | 3932 ||| FLEEEEING.
  3933 | D:5      | 3933 ||| FLEEEEING.
  3934 | D:5      | 3934 ||| FLEEEEING.
  3935 | D:5      | 3935 ||| FLEEEEING.
  3936 | D:5      | 3936 ||| FLEEEEING.
  3937 | D:5      | 3937 ||| FLEEEEING.
  3940 | D:5      | 3940 ||| FLEEEEING.
  3941 | D:5      | 3941 ||| FLEEEEING.
  3943 | D:5      | 3943 ||| FLEEEEING.
  3944 | D:5      | 3944 ||| FLEEEEING.
  3946 | D:5      | 3946 ||| FLEEEEING.
  3947 | D:5      | 3947 ||| FLEEEEING.
  3948 | D:5      | 3948 ||| FLEEEEING.
  3949 | D:5      | 3949 ||| FLEEEEING.
  3950 | D:5      | 3950 ||| FLEEEEING.
  3951 | D:5      | 3951 ||| FLEEEEING.
  3952 | D:5      | 3952 ||| FLEEEEING.
  3953 | D:5      | 3953 ||| FLEEEEING.
  3954 | D:5      | 3954 ||| FLEEEEING.
  3955 | D:5      | 3955 ||| FLEEEEING.
  3956 | D:5      | 3956 ||| FLEEEEING.
  3957 | D:5      | 3957 ||| FLEEEEING.
  3958 | D:5      | 3958 ||| FLEEEEING.
  3959 | D:5      | 3959 ||| FLEEEEING.
  3960 | D:5      | 3960 ||| FLEEEEING.
  3961 | D:5      | 3961 ||| FLEEEEING.
  3962 | D:5      | 3962 ||| FLEEEEING.
  3963 | D:5      | 3963 ||| FLEEEEING.
  3966 | D:5      | 3966 ||| FLEEEEING.
  3971 | D:5      | 3971 ||| FLEEEEING.
  3972 | D:5      | 3972 ||| FLEEEEING.
  3973 | D:5      | 3973 ||| STAIRDANCE
  4006 | D:5      | 4006 ||| STAIRDANCE
  4622 | D:5      | 4622 ||| READING scroll labelled LUELEO IFUONUC.
  4623 | D:5      | 4623 ||| READING scroll labelled PIH UGGAUTI.
  4770 | D:6      | Reached skill level 6 in Fighting
  4782 | D:6      | Reached XP level 8. HP: 70/70 MP: 7/7
  4802 | D:6      | Reached skill level 10 in Ranged Weapons
  4802 | D:6      | 4802 ||| FLEEEEING.
  4803 | D:6      | 4803 ||| FLEEEEING.
  4804 | D:6      | 4804 ||| FLEEEEING.
  4805 | D:6      | 4805 ||| FLEEEEING.
  4806 | D:6      | 4806 ||| FLEEEEING.
  4807 | D:6      | 4807 ||| FLEEEEING.
  4808 | D:6      | 4808 ||| FLEEEEING.
  4809 | D:6      | 4809 ||| FLEEEEING.
  4810 | D:6      | 4810 ||| FLEEEEING.
  4811 | D:6      | 4811 ||| FLEEEEING.
  4873 | D:6      | HP: 13/73 [white imp/puff of frost (10)]
  4873 | D:6      | HP: 5/73 [gnoll/+0 halberd[a gnoll sergeant] (8)]
  4873 | D:6      | Noticed a manticore
  4873 | D:6      | Killed from afar by a white imp

Levels and vault maps discovered:
D:1:      dpeg_arrival_short_road, layout_basic
D:2:      layout_basic, minmay_strange_pillars, minmay_pentomino_z2
D:3:      layout_rooms, zin_purify, mainiacjoe_overflow_divided_tiny,
          serial_shops, shop_statue, hangedman_decor_growths
D:4:      layout_gridville, nicolae_qazlal_eye_of_the_storm, serial_shops,
          nicolae_shop_bloodbath_and_beyond, nicolae_kite_square_tiling_tiny,
          grunt_decor_one_mirror
D:5:      layout_loops_corners
D:6:      layout_basic, minivault_4, grunt_potential, uniq_pikel

Skill      XL: |  1  2  3  4  5  6  7  8 |
---------------+-------------------------+-----
Ranged Weapons | 5 6 8 9 10 | 10.1
Armour         | 1 2 |  2.1
Fighting       | 3 4 6 7 |  7.4
Dodging        | 3 4 |  4.1
Stealth        | |  0.7

Action                     |  1- 3 |  4- 6 |  7- 9 || total
---------------------------+-------+-------+-------++-------
   Fire: Shortbow          |    95 |   141 |    12 ||   248
         Orcbow            |       |       |   132 ||   132
    Use: Potion            |     4 |     1 |       ||     5
         Scroll            |     4 |     4 |     3 ||    11
 Armour: Leather armour    |     5 |       |       ||     5
         Ring mail         |    12 |    18 |    15 ||    45
  Dodge: Dodged            |    41 |    27 |    40 ||   108
  Block: Other             |     3 |    17 |    19 ||    39
         Reflection        |       |       |     1 ||     1

Table legend:
 A = Non-vault XP
 B = Vault XP
 C = Vault XP percentage of total XP
 D = Non-vault monster count
 E = Vault monster count
 F = Vault count percentage of total count
                 A         B        C        D         E       F
            +---------+---------+-------+---------+---------+-------
      Total |    1987 |     264 |  11.7 |      86 |       8 |   8.5
            +---------+---------+-------+---------+---------+-------
        D:1 |      26 |       0 |   0.0 |      14 |       0 |   0.0
        D:2 |      98 |       4 |   3.9 |      14 |       2 |  12.5
        D:3 |     148 |       0 |   0.0 |      16 |       0 |   0.0
        D:4 |     505 |       0 |   0.0 |      20 |       0 |   0.0
        D:5 |     490 |       0 |   0.0 |      13 |       0 |   0.0
        D:6 |     720 |     260 |  26.5 |       9 |       6 |  40.0
            +---------+---------+-------+---------+---------+-------
